 Dungeon Crawl Stone Soup version 0.30.1-4-g462c640d31 (webtiles) character file.

Game seed: 11521751508486766513

21868 Wiggles the Severer (level 12, -2/113 HPs)
             Began as a Minotaur Berserker on Aug 15, 2023.
             Was a Priest of Trog.
             Slain by a skeletal warrior
             ... wielding a +0 mace of distortion
              (4 damage)
             ... on level 12 of the Dungeon.
             The game lasted 00:19:34 (12602 turns).

Wiggles the Severer (Minotaur Berserker)           Turns: 12602, Time: 00:19:34

Health: -2/113     AC: 25    Str: 38    XL:     12   Next: 58%
Magic:  0/11       EV: 10    Int:  4    God:    Trog [***...]
Gold:   558        SH:  0    Dex: 11    Spells: 11/11 levels left

rFire   . . .        C - +4 broad axe
rCold   . . .        (no shield)
rNeg    . . .        B - +3 plate armour
rPois   .            (helmet restricted)
rElec   .            z - +1 cloak
rCorr   .            G - +2 pair of gloves
SInv    .            (no boots)
Will    .....        w - amulet of guardian spirit Stlth
                     b - +6 ring of strength
HPRegen 0.38/turn    c - +6 ring of strength
MPRegen 0.12/turn

%: guardian spirit
@: on berserk cooldown, slowed, very slow
A: horns 2, retaliatory headbutt
a: Renounce Religion, Berserk, Trog's Hand


You were on level 12 of the Dungeon.
You worshipped Trog.
Trog was most pleased with you.
You visited 1 branch of the dungeon, and saw 12 of its levels.

You collected 663 gold pieces.
You spent 105 gold pieces at shops.

Inventory:

Hand Weapons
 A - a +1 war axe
 C - a +4 broad axe (weapon)
Armour
 z - a +1 cloak (worn)
 B - a +3 plate armour (worn)
 G - a +2 pair of gloves (worn)
Jewellery
 b - a +6 ring of strength (left hand)
 c - a +6 ring of strength (right hand)
 f - a +4 ring of protection
 w - an amulet of guardian spirit (around neck)
 x - a ring of protection from cold
 y - a +4 ring of protection
 E - an amulet of magic regeneration
 F - a +6 ring of dexterity
Wands
 o - a wand of paralysis (14)
 r - a wand of quicksilver (8)
 u - a wand of mindburst (8)
 H - a wand of iceblast (3)
Scrolls
 d - 2 scrolls of magic mapping
 e - 3 scrolls of teleportation
 g - a scroll of fog
 q - 2 scrolls of vulnerability
 s - 2 scrolls of butterflies
Potions
 a - a potion of flight {unknown}
 h - 4 potions of mutation
 i - 3 potions of brilliance
 k - 3 potions of haste
 l - 3 potions of attraction
 n - 3 potions of lignification
 p - 2 potions of magic
 t - 6 potions of curing
 v - 2 potions of might
 D - 3 potions of berserk rage


   Skills:
 + Level 12.4 Fighting
 + Level 16.6 Axes
 + Level 14.2 Armour
 + Level 4.5 Dodging
 + Level 2.0 Stealth
 + Level 0.5 Evocations


You had 11 spell levels left.
You didn't know any spells.
Your spell library was empty.

Dungeon Overview and Level Annotations

Branches:
Dungeon (12/15)            Temple (0/1) D:5            Lair (0/5) D:9
    Orc (0/2) D:9

Altars:
Cheibriados
Elyvilon
Gozag
Kikubaaqudgha
Ru
Sif Muna
Trog
Uskayaw
Vehumet
Xom

Shops:
D:4 ?   D:7 (


Innate Abilities, Weirdness & Mutations

You have a pair of horns on your head.
You reflexively headbutt those who attack you in melee.


Message History

The skeletal warrior misses you.
The skeletal warrior hits you with a +0 glaive!!
You slice the skeletal warrior!! You headbutt the skeletal warrior.
The skeletal warrior is almost destroyed.
You slash the skeletal warrior! You hit the skeletal warrior.
The skeletal warrior hits you with a +0 long sword.
The skeletal warrior hits you but does no damage.
You blink.
The skeletal warrior hits you but does no damage.
The skeletal warrior hits you with a +0 mace of distortion.
The skeletal warrior hits you with a +0 glaive!!
The skeletal warrior barely misses you. You furiously retaliate!
You headbutt the skeletal warrior!
The skeletal warrior hits you but does no damage.
Space warps around you.
The skeletal warrior completely misses you.
You chop the skeletal warrior into pieces!!!
You destroy the skeletal warrior!
Trog accepts your kill.
You closely miss the skeletal warrior. You slice the skeletal warrior!!
You destroy the skeletal warrior!
Trog accepts your kill.
The skeletal warrior hits you with a +0 mace of distortion.
* * * LOW HITPOINT WARNING * * *
Space warps around you.
* * * LOW HITPOINT WARNING * * *
The skeletal warrior closely misses you.
You see here a +0 glaive.
You slice the skeletal warrior!!
Your headbutt misses the skeletal warrior.
The skeletal warrior is severely damaged.
The skeletal warrior hits you with a +0 mace of distortion!
* * * LOW HITPOINT WARNING * * *
Space warps horribly around you!
* * * LOW HITPOINT WARNING * * *
You slash the skeletal warrior!
The skeletal warrior is almost destroyed.
The skeletal warrior hits you but does no damage.
Space warps around you.
You die...

###### #~~~~♣####
###+##♣P~~~~~P♣~♣♣♣♣♣
#....~~P~~~~♣♣♣♣~≈~~♣
#....P~~~~~)~~P~~~~~~
#........)...........
#.[†.♣~P~~†~~~~~~~~P~
#.....♣~~~~~~~~~~P~P~
#...@z.♣~~~PPP♣♣~~~P~
#....).#~♣~♣~.##♣♣♣♣~
#......######.# ♣♣
####+### #.# ♣ #.# ♣
♣~ ♣≈ ~~≈ ~~≈≈


You could see a skeletal warrior.

Vanquished Creatures
  Erica (D:11)
  2 centaur warriors
  A tengu warrior (D:11)
  4 two-headed ogres
  4 skeletal warriors (D:12)
  An ugly thing (D:12)
  2 manticores
  3 cyclopes (D:11)
  2 unseen horrors
  Prince Ribbit (D:7)
  A hornet (D:10)
  3 trolls
  4 wraiths
  A water elemental (D:12)
  2 shadows
  19 yaks
  2 vampires (D:11)
  2 steam dragons
  2 vampire mosquitoes (D:11)
  2 acid dragons
  A water moccasin (D:7)
  6 orc warriors
  A swamp drake (D:9)
  A sky beast (D:6)
  2 black bears (D:6)
  An ice beast (D:6)
  2 ogres
  3 centaurs
  A phantom (D:6)
  2 kobold brigands
  3 bullfrogs
  3 gnoll sergeants
  2 scorpions (D:6)
  6 wights
  A killer bee (D:10)
  5 electric eels (D:12)
  2 howler monkeys
  4 hounds
  3 orc priests
  A gnoll bouda (D:5)
  3 jellies
  Jessica (D:3)
  3 iguanas
  18 orc wizards
  A mummy (D:7)
  19 gnolls
  8 adders
  A shadow imp (D:7)
  An ufetubus (D:6)
  A worm (D:3)
  4 dart slugs
  56 orcs
  4 ball pythons
  7 bats
  A bat zombie (D:5)
  8 endoplasms
  9 giant cockroaches
  7 goblins
  8 hobgoblins
  2 jackals (D:2)
  12 kobolds
  5 quokkas
  A frilled lizard (D:1)
  4 rats
  A rat zombie (D:5)
294 creatures vanquished.

Vanquished Creatures (collateral kills)
  2 two-headed ogres (D:11)
  An orc knight (D:11)
  A yaktaur (D:11)
  2 yaks (D:10)
  A vampire mosquito (D:11)
  An acid dragon (D:11)
  A gnoll sergeant (D:11)
9 creatures vanquished.

Vanquished Creatures (others)
  An orc wizard (D:12)
1 creature vanquished.

Grand Total: 304 creatures vanquished

Notes
Turn   | Place    | Note
-------+----------+-------------------------------------------
     0 | D:1      | Wiggles the Minotaur Berserker began the quest for the Orb.
     0 | D:1      | Reached XP level 1. HP: 19/19 MP: 0/0
   129 | D:1      | Reached skill level 4 in Axes
   129 | D:1      | Reached XP level 2. HP: 25/27 MP: 1/1
   482 | D:1      | Reached XP level 3. HP: 33/33 MP: 2/2
   604 | D:1      | Reached ** piety under Trog
  1661 | D:2      | Reached XP level 4. HP: 28/41 MP: 3/3
  1855 | D:3      | Found a shimmering altar of Xom.
  1871 | D:3      | Noticed a centaur
  1882 | D:3      | Killed a centaur
  1883 | D:3      | Reached skill level 5 in Axes
  1883 | D:3      | Reached XP level 5. HP: 38/47 MP: 4/4
  1995 | D:3      | Noticed Jessica
  2001 | D:3      | Killed Jessica
  2094 | D:3      | Found an opulent altar of Gozag.
  2306 | D:3      | Found a bloodstained altar of Trog.
  2414 | D:3      | Reached skill level 5 in Fighting
  2421 | D:3      | Reached XP level 6. HP: 49/56 MP: 5/5
  2466 | D:3      | Found a shimmering blue altar of Sif Muna.
  3071 | D:4      | Found Hiockouck's Magic Scroll Shop.
  3075 | D:4      | Bought a scroll of enchant armour for 105 gold pieces
  3226 | D:4      | Reached skill level 6 in Axes
  3519 | D:4      | Found a white marble altar of Elyvilon.
  3614 | D:5      | Entered Level 5 of the Dungeon
  3695 | D:5      | Reached *** piety under Trog
  3861 | D:5      | Reached XP level 7. HP: 58/61 MP: 6/6
  3869 | D:5      | Reached skill level 5 in Armour
  3921 | D:5      | HP: 1/61 [gnoll bouda/+0 club (5)]
  3923 | D:5      | Reached skill level 7 in Axes
  4190 | D:5      | Found a staircase to the Ecumenical Temple.
  4540 | D:5      | Found an ancient bone altar of Kikubaaqudgha.
  5188 | D:6      | Reached XP level 8. HP: 37/70 MP: 2/7
  5190 | D:6      | Reached skill level 8 in Axes
  5520 | D:6      | Reached skill level 9 in Axes
  5803 | D:6      | Found a hide-covered altar of Uskayaw.
  6205 | D:7      | Noticed Prince Ribbit
  6220 | D:7      | Killed Prince Ribbit
  6221 | D:7      | Reached XP level 9. HP: 63/79 MP: 8/8
  6542 | D:7      | Reached **** piety under Trog
  6757 | D:7      | Found Lodovur's Antique Weapon Emporium.
  6774 | D:7      | Reached skill level 1 in Stealth
  6848 | D:7      | Killed an unseen horror
  6849 | D:7      | Reached skill level 10 in Axes
  7317 | D:8      | Found a snail-covered altar of Cheibriados.
  7582 | D:8      | Reached skill level 11 in Axes
  7841 | D:8      | Found a sacrificial altar of Ru.
  8447 | D:9      | Found a staircase to the Lair.
  8480 | D:9      | Noticed a two-headed ogre
  8491 | D:9      | Killed a two-headed ogre
  8492 | D:9      | Reached skill level 10 in Armour
  8492 | D:9      | Reached XP level 10. HP: 90/90 MP: 9/9
  8697 | D:9      | Noticed a two-headed ogre
  8708 | D:9      | Killed a two-headed ogre
  8709 | D:9      | Reached skill level 12 in Axes
  8912 | D:9      | Reached ***** piety under Trog
  9019 | D:9      | Identified the +1 animal skin of Sibbesome {Rampage rC-
                  | Str+3 SInv}
  9031 | D:9      | Found a staircase to the Orcish Mines.
  9353 | D:9      | Reached skill level 13 in Axes
  9413 | D:10     | Entered Level 10 of the Dungeon
  9518 | D:10     | Noticed a centaur warrior
  9527 | D:10     | Killed a centaur warrior
  9670 | D:10     | Reached skill level 14 in Axes
  9670 | D:10     | Reached XP level 11. HP: 99/99 MP: 10/10
  9875 | D:10     | Received a gift from Trog
  9892 | D:10     | Reached skill level 10 in Fighting
 10131 | D:10     | Paralysed by a hornet for 1 turns
 10136 | D:10     | Paralysed by a hornet for 1 turns
 10141 | D:10     | HP: 3/99 [yak (3)]
 10837 | D:11     | Noticed a two-headed ogre
 10845 | D:11     | Killed a two-headed ogre
 11173 | D:11     | Found a radiant altar of Vehumet.
 11322 | D:11     | Noticed Erica
 11347 | D:11     | Killed Erica
 11657 | D:11     | Noticed an orc knight
 11672 | D:11     | Reached skill level 15 in Axes
 11672 | D:11     | Killed an orc knight
 11773 | D:11     | Identified the +1 dagger "Roev" {chaos, Fly rCorr Str+4
                  | Dex-4}
 12128 | D:11     | Noticed a two-headed ogre
 12130 | D:11     | Noticed a two-headed ogre
 12131 | D:11     | Noticed a two-headed ogre
 12132 | D:11     | Noticed a centaur warrior
 12137 | D:11     | Reached XP level 12. HP: 106/110 MP: 9/11
 12139 | D:11     | Noticed a tengu warrior
 12144 | D:11     | Killed a two-headed ogre
 12145 | D:11     | Killed a centaur warrior
 12147 | D:11     | Killed a two-headed ogre
 12152 | D:11     | Killed a two-headed ogre
 12155 | D:11     | Killed a tengu warrior
 12156 | D:11     | Reached skill level 16 in Axes
 12601 | D:12     | HP: 1/113 [skeletal warrior/+0 mace of distortion (14)]
 12602 | D:12     | Slain by a skeletal warrior

Illustrated notes

Levels and vault maps discovered:
D:1:      onia_arrival_mini_maze_b, layout_basic
D:2:      layout_loops_ring, nicolae_figureground_pulse
D:3:      layout_loops_corners, old_standard_altar,
          nicolae_overflow_hidden_temple, mainiacjoe_overflow_paths,
          uniq_jessica
D:4:      kennysheep_big_flooded_room, layout_gridville, general_overflow_altar,
          serial_shops, shop
D:5:      layout_cave_pods, lemuel_zombie_altar_kikubaaqudgha,
          minmay_temple_entry_mini_moons
D:6:      layout_loops_corners, mainiacjoe_overflow_catwalk,
          minmay_fractal_squares_5
D:7:      layout_loops_ring, serial_glass, glass_columns_b, glass_columns_c,
          glass_columns_b, glass_columns_b, serial_shops,
          nicolae_shop_tiny_statue_garden, uniq_prince_ribbit1
D:8:      layout_loops_ring, slow_altar_1, nicolae_ru_path_of_blood,
          grunt_decor_clamped
D:9:      layout_long_grid, dpeg_oklobed_lair, erik_orc_1,
          minmay_misc_feat_secret_circle
D:10:     minmay_thick_lines, layout_gridville, minmay_circle_x
D:11:     minmay_quarter_circles, layout_basic, nicolae_vehumet_altar_sigil,
          uniq_erica
D:12:     layout_roguey, serial_bayou, serial_bayou_pond_d, serial_bayou_pond_e,
          serial_bayou_pond_a, serial_bayou_lagoon_b, uniq_rupert, uniq_erolcha

Skill      XL: |  1  2  3  4  5  6  7  8  9 10 11 12 |
---------------+-------------------------------------+-----
Axes           | 4 5 6 7 9 11 14 15 16 | 16.6
Fighting       | 4 5 6 7 8 9 11 12 | 12.4
Armour         | 3 4 6 8 10 11 13 14 | 14.2
Dodging        | 3 4 |  4.5
Stealth        | 1 2 |  2.0
Evocations     | |  0.5

Action                     |  1- 3 |  4- 6 |  7- 9 | 10-12 || total
---------------------------+-------+-------+-------+-------++-------
  Melee: Hand axe          |   132 |   123 |   207 |       ||   462
         Headbutt          |    18 |    21 |    70 |    64 ||   173
         Punch             |     1 |     3 |     5 |     3 ||    12
         War axe           |       |       |   126 |   194 ||   320
         Broad axe         |       |       |       |    67 ||    67
 Invoke: Berserk           |       |     2 |     8 |     7 ||    17
         Brothers in Arms  |       |       |       |     4 ||     4
  Evoke: Wand              |       |       |       |     3 ||     3
    Use: Scroll            |       |       |    19 |     9 ||    28
         Potion            |       |       |       |     6 ||     6
   Stab: Distracted        |       |       |       |     1 ||     1
 Armour: Animal skin       |     3 |       |       |       ||     3
         Chain mail        |    38 |    54 |    98 |       ||   190
         Plate armour      |       |       |   124 |   229 ||   353
  Dodge: Dodged            |    62 |    45 |   159 |   150 ||   416
